 Dungeon Crawl Stone Soup version 0.30-b1-2-g02819fbbbe (webtiles) character file.

Game seed: 16549512443807048307

121727 raph the Severer (level 16, -9/144 (146) HPs)
             Began as a Hill Orc Fighter on Dec 10, 2023.
             Was a High Priest of Okawaru.
             Mangled by a bunyip (19 damage)
             ... on level 2 of the Swamp.
             The game lasted 00:50:06 (27695 turns).

raph the Severer (Hill Orc Fighter)                Turns: 27695, Time: 00:50:07

HP:   -9/144 (146)  AC: 41    Str: 27    XL:     16   Next: 85%
MP:   19/24         EV: 19    Int: 11    God:    Okawaru [*****.]
Gold: 331           SH:  0    Dex: 19    Spells: 15/15 levels left

rFire   . . .        a - +1 executioner's axe (drain)
rCold   + + .        (shield currently unavailable)
rNeg    . . .        M - +2 crystal plate armour {rC+}
rPois   +            R - +1 helmet
rElec   .            K - +2 cloak {rC+}
rCorr   .            V - +2 pair of gloves {Stlth+}
SInv    .            c - +1 pair of boots "Fitoyhis" {Str+3}
Will    +....        H - amulet of regeneration Stlth
                     i - ring "Reedgh" {EV+5 Str+3 Int+3 Dex+3}
HPRegen 1.24/turn    X - ring of poison resistance
MPRegen 0.19/turn

%: no passive effects
@: lethally poisoned (-9 -> -13), heroic, finesse-ful, studying Throwing,
lightly drained, very slow
A: no striking features
a: Renounce Religion, Heroism, Finesse, Duel


You were on level 2 of the Swamp.
You worshipped Okawaru.
Okawaru was extremely pleased with you.
You visited 4 branches of the dungeon, and saw 24 of its levels.
You also visited: Sewer, Gauntlet and Ice Cave.

You collected 2772 gold pieces.
You spent 2441 gold pieces at shops.

Inventory:

Hand Weapons
 a - a +1 executioner's axe of draining (weapon)
 b - a +4 scimitar of flaming
 t - a +8 battleaxe of protection
Missiles
 h - 46 poisoned darts
 n - 16 boomerangs (quivered)
 u - 7 javelins
 A - 3 throwing nets
 I - 2 silver boomerangs
 L - 18 silver javelins
 W - 9 curare-tipped darts
Armour
 c - the +1 pair of boots "Fitoyhis" (worn) {Str+3}
   (You found it in a Gauntlet)

   Str:       It affects your strength (+3).
 r - the +2 pair of gloves "Zujazas" {rN+ Will+ Stlth+}
   (You bought it in a shop on level 14 of the Dungeon)

   rN:        It protects you from negative energy.
   Will:      It increases your willpower.
   Stlth:     It makes you more stealthy.
 s - a +1 buckler
 K - a +2 cloak of cold resistance (worn)
 M - a +2 crystal plate armour of cold resistance (worn)
 R - a +1 helmet (worn)
 V - a +2 pair of gloves of stealth (worn)
Jewellery
 g - the ring of Free Will {Fly rC+ Will- SInv}
   (You took it off a minotaur in a Gauntlet)

   [ring of flight]

   rC:        It protects you from cold.
   SInv:      It lets you see invisible.
   Fly:       It grants you flight.
   Will:      It decreases your willpower.
 i - the ring "Reedgh" (left hand) {EV+5 Str+3 Int+3 Dex+3}
   (You found it in an ice cave)

   [ring of evasion]

   EV:        It affects your evasion (+5).
   Str:       It affects your strength (+3).
   Int:       It affects your intelligence (+3).
   Dex:       It affects your dexterity (+3).
 w - a ring of protection from fire
 H - an amulet of regeneration (around neck)
 T - a ring of the Octopus King {rCorr HP+2 AC+2 EV+2 SH+2}
   (You found it in a Gauntlet)

   [ring of resist corrosion]

   AC:        It affects your AC (+2).
   EV:        It affects your evasion (+2).
   HP:        It affects your health (+2).
   rCorr:     It protects you from acid and corrosion.
   SH:        It affects your SH (+2).
 X - a ring of poison resistance (right hand)
Wands
 p - a wand of roots (59)
 q - a wand of light (18)
 x - a wand of paralysis (16)
 J - a wand of flame (32)
 O - a wand of digging (4)
 P - a wand of mindburst (21)
Scrolls
 l - 12 scrolls of identify
 m - 3 scrolls of magic mapping
 v - a scroll of silence
 y - 6 scrolls of fog
 F - 2 scrolls of fear
 N - 3 scrolls of teleportation
 Y - 3 scrolls of amnesia
 Z - 4 scrolls of blinking
Potions
 d - 9 potions of might
 e - 2 potions of brilliance
 f - 5 potions of mutation
 j - 16 potions of curing
 k - a potion of invisibility
 o - 7 potions of haste
 C - 3 potions of magic
 D - 3 potions of resistance
 E - 6 potions of flight
 G - 6 potions of heal wounds
 S - a potion of cancellation
 U - 3 potions of berserk rage
Miscellaneous
 Q - a lightning rod (4/4)


   Skills:
 + Level 14.2(19.2) Fighting
 - Level 20.0(25.0) Axes
 + Level 11.1(16.1) Throwing
 * Level 13.7(18.7) Armour
 + Level 9.8(14.8) Dodging
 - Level 5.0(10.0) Shields
 - Level 11.5 Invocations
 + Level 7.7 Evocations


You had 15 spell levels left.
You didn't know any spells.
Your spell library contained the following spells:

 Spells                   Type           Power      Damage    Failure   Level
 Foxfire                  Conj/Fire      0%         2x1d4     99%         1
 Sandblast                Erth           0%         2d4       99%         1
 Shock                    Conj/Air       0%         1d3       99%         1
 Slow                     Hex            0%         N/A       99%         1
 Sting                    Tmut/Pois      0%         1d3       99%         1
 Ensorcelled Hibernation  Hex/Ice        0%         N/A       100%        2
 Passwall                 Tmut/Erth      0%         N/A       100%        2
 Poisonous Vapours        Pois/Air       0%         N/A       100%        2
 Confusing Touch          Hex            0%         N/A       100%        3
 Portal Projectile        Hex/Tloc       0%         N/A       100%        3
 Stone Arrow              Conj/Erth      0%         3d7       100%        3
 Swiftness                Air            0%         N/A       100%        3
 Vampiric Draining        Necr           0%         2d6       100%        3
 Vhi's Electric Charge    Tloc/Air       0%         N/A       100%        3
 Volatile Blastmotes      Fire/Tloc      0%         2d10      100%        3
 Airstrike                Air            0%         2d(0-16)  100%        4
 Fulminant Prism          Conj/Hex       0%         3d5       100%        4
 Iskenderun's Mystic Bla  Conj/Tloc      0%         2d3       100%        4
 Leda's Liquefaction      Hex/Erth       0%         N/A       100%        4
 Olgreb's Toxic Radiance  Pois           0%         N/A       100%        4
 Arcjolt                  Conj/Air       0%         1d10      100%        5
 Blade Hands              Tmut           0%         N/A       100%        5
 Fireball                 Conj/Fire      0%         3d3       100%        5
 Iskenderun's Battlesphe  Conj           0%         2d6       100%        5
 Lee's Rapid Deconstruct  Erth           0%         3d4*      100%        5
 Conjure Ball Lightning   Conj/Air       0%         3x3d6     100%        6
 Eringya's Noxious Bog    Tmut/Pois      0%         N/A       100%        6
 Plasma Beam              Fire/Air       0%         2x1d11    100%        6
 Starburst                Conj/Fire      0%         6d3       100%        6
 Orb of Destruction       Conj           0%         9d5       100%        7
 Ozocubu's Refrigeration  Ice            0%         4d7       100%        7
 Storm Form               Tmut/Air       0%         N/A       100%        7
 Maxwell's Capacitive Co  Air            0%         ∞         100%        8
 Polar Vortex             Ice            0%         N/A       100%        9
 Call Canine Familiar     Summ           Unusable   N/A       N/A         3
 Summon Guardian Golem    Hex/Summ       Unusable   N/A       N/A         3
 Tukima's Dance           Hex            Unusable   N/A       N/A         3
 Summon Lightning Spire   Summ/Air       Unusable   N/A       N/A         4
 Summon Forest            Summ/Tloc      Unusable   N/A       N/A         5
 Simulacrum               Ice/Necr       Unusable   N/A       N/A         6
 Spellforged Servitor     Conj/Summ      Unusable   N/A       N/A         7
 Summon Hydra             Summ           Unusable   N/A       N/A         7

Dungeon Overview and Level Annotations

Branches:
Dungeon (15/15)            Temple (0/1) D:7            Lair (5/5) D:10
  Swamp (2/4) Lair:3        Snake (0/4) Lair:2        Slime (0/5) Lair:5
    Orc (2/2) D:10            Elf (0/3) Orc:2        Vaults (0/5) D:14
 Depths (0/4) D:15          Sewer (visited)           IceCv (visited)
Gauntlet (visited)

Altars:
Ashenzari
Cheibriados
Fedhas
Nemelex Xobeh
Okawaru
Qazlal
Sif Muna
Uskayaw
Vehumet
Xom
Zin
The Shining One
Beogh
Jiyva

Shops:
D:1 *   D:14 *   Orc:2 (!((=

Annotations:
D:3 fly
Lair:3 exclusion: ice statue
Swamp:2 Mlioglotl


Message History

The vampire mosquito bites you but does no damage.
The bunyip barely misses you.
The bunyip claws you but does no damage. x2
Your +4 scimitar of flaming stops flaming.
You sense an unholy aura.
a - a +1 executioner's axe of draining (weapon)
The vampire mosquito bites you but does no damage.
You slice the fenstrider witch!! You drain the fenstrider witch.
The fenstrider witch is moderately wounded.
You slash the bunyip! You slash the vampire mosquito! You slice the eleionoma!!
You drain the eleionoma. You slice the bunyip!! You drain the bunyip!
The fenstrider witch points at you and mumbles some strange words.
The toxic sludge hits you!
You are poisoned.
You partially resist.
Splash!
You fall into the toxic bog.
Moving in this stuff is going to be slow.
The vampire mosquito misses you.
The eleionoma hits you but does no damage.
You can now deal lightning-fast blows.
You fester in the toxic bog!
You partially resist.
You are more poisoned.
You feel very sick. The vampire mosquito bites you.
* * * LOW HITPOINT WARNING * * *
The vampire mosquito draws strength from your injuries!
The fenstrider witch hits you but does no damage.
The fenstrider witch kicks you but does no damage.
The vampire mosquito completely misses you.
The eleionoma hits you but does no damage.
The fenstrider witch casts a spell at you.
Your body is wracked with pain!
* * * LOW HITPOINT WARNING * * *
You feel much better.
You fester in the toxic bog.
You partially resist.
You are more poisoned.
You feel very sick.
The vampire mosquito closely misses you.
The bunyip completely misses you. The bunyip claws you!!
* * * LOW HITPOINT WARNING * * *
The bunyip claws you!!
You die...

♣♣♣♣♣♣♣♣♣♣♣
♣♣♣~....♣~.~♣♣
♣.~~~~~~.~~R.♣♣♣
♣.~~~~~~..§wx@~§♣♣~
..~~~~~~)..~Hxy..~.~§
~...?~~~~.~~yw.~..~~~
~~...)~~...§~.~.....~
~~.~.<~~...~~.~§.....
~§~..♣♣...>~~§~~~....
~~~.~ ♣~..~~~~~~~.~~~
~~♣.~~~~~~~~~~.
..§...~§~~~~~.


You could see 2 bunyips, an eleionoma (drained), a fenstrider witch (drained), 2
swamp worms and 2 vampire mosquitoes.

Vanquished Creatures
  Gastronok (Orc:1)
  Frances (D:12)
  An orc warlord (Orc:1)
  2 eleionomae (Swamp:1)
  A minotaur (Gauntlet)
  2 bunyips (Swamp:1)
  A dire elephant (Lair:5)
  An ettin (Orc:2)
  Erolcha (D:13)
  An ice dragon (Lair:3)
  7 hydras
  A hell beast (Gauntlet)
  3 catoblepae
  3 ogre magi
  2 boulder beetles
  14 two-headed ogres
  A death knight (D:15)
  2 dancing weapons (D:14)
  2 alligators (Swamp:1)
  2 centaur warriors (D:13)
  Erica (Lair:2)
  A deep troll shaman (Lair:5)
  A tengu warrior (D:14)
  6 death yaks
  Urug (D:13)
  A spriggan (Swamp:1)
  Sonja (D:13)
  4 skeletal warriors (D:12)
  2 skysharks (Lair:5)
  3 goliath frogs (Swamp:1)
  2 deep trolls (Orc:2)
  A swamp dragon (Swamp:1)
  4 bog bodies
  4 orc knights
  A necromancer (D:15)
  A deep elf zephyrmancer (D:15)
  3 orc sorcerers
  8 cyclopes
  A will-o-the-wisp (Swamp:1)
  14 ugly things
  3 manticores
  An ice statue (IceCv)
  6 black mambas
  30 elephants
  A naga mage (D:15)
  A centaur zombie (D:15)
  A centaur skeleton (D:15)
  13 cane toads
  5 kobold demonologists
  4 efreet
  An unseen horror (D:12)
  8 rime drakes
  11 komodo dragons
  13 trolls
  3 polar bears
  2 hornets
  Grinder (D:3)
  3 tyrant leeches (Swamp:1)
  14 blink frogs
  A meliai zombie (D:15)
  A dream sheep (Lair:2)
  2 large abominations (Gauntlet)
  12 slime creatures
  9 wyverns
  6 shadows
  A dire elephant simulacrum (IceCv)
  4 wraiths
  48 yaks
  2 yaks (shapeshifter) (D:15)
  A vampire (D:11)
  3 basilisks
  6 vampire mosquitoes
  3 death yak simulacra (IceCv)
  2 steam dragons (D:7)
  4 harpy simulacra (IceCv)
  A naga (shapeshifter) (D:15)
  3 acid dragons
  A warg (Orc:1)
  10 water moccasins
  2 hydra simulacra (IceCv)
  2 hell hounds (Gauntlet)
  4 swamp worms
  2 sky beasts
  A meliai simulacrum (D:14)
  2 ice beasts
  5 black bears
  18 orc warriors
  A swamp drake (D:10)
  11 wolves
  30 ogres
  3 centaurs
  2 phantoms (D:5)
  3 kobold brigands
  Blork the orc (D:6)
  19 bullfrogs
  9 two-headed ogre simulacra
  2 gnoll sergeants
  6 scorpions
  4 cane toad simulacra (IceCv)
  5 wights
  2 elephant simulacra
  6 killer bees (D:10)
  An electric eel (D:11)
  16 howler monkeys
  6 jellies
  3 small abominations (Gauntlet)
  2 hounds (D:6)
  13 orc priests
  3 gnoll boudas
  A sleepcap (D:8)
  Jessica (D:2)
  3 iguanas
  21 orc wizards
  Natasha (thrice) (D:2)
  6 spriggan simulacra (IceCv)
  3 polar bear simulacra
  7 troll simulacra
  4 wolf simulacra
  A boggart simulacrum (D:14)
  26 gnolls
  13 adders
  7 naga simulacra
  3 shadow imps
  5 white imps
  6 ufetubi
  6 worms
  7 dart slugs
  73 orcs
  18 ball pythons
  6 endoplasms
  11 giant cockroaches
  8 goblins
  9 hobgoblins
  6 jackals
  18 kobolds
  6 quokkas
  3 training dummies (Orc:2)
  9 bats
  6 frilled lizards
  5 rats
  A butterfly (Lair:2)
836 creatures vanquished.

Vanquished Creatures (others)
  A hydra (Swamp:2)
  2 goliath frogs (Swamp:2)
  A wizard (D:15)
  A troll (Orc:2)
  A swamp worm (Swamp:1)
  A swamp drake (Swamp:1)
  An orc warrior (D:15)
  An orc wizard (Orc:1)
  2 bushes (Lair:5)
  2 foxfires (Swamp:1)
  33 fungi
  79 plants
125 creatures vanquished.

Grand Total: 961 creatures vanquished

Notes
Turn   | Place    | Note
-------+----------+-------------------------------------------
     0 | D:1      | raph the Hill Orc Fighter began the quest for the Orb.
     0 | D:1      | Reached XP level 1. HP: 19/19 MP: 1/1
    34 | D:1      | Reached skill level 3 in Axes
    62 | D:1      | Reached XP level 2. HP: 26/26 MP: 2/2
    94 | D:1      | Reached skill level 4 in Axes
   266 | D:1      | Found Yrhezaidd's Assorted Antiques.
   352 | D:1      | Reached XP level 3. HP: 31/31 MP: 3/3
   690 | D:2      | Noticed Jessica
   696 | D:2      | Killed Jessica
   697 | D:2      | Reached skill level 5 in Axes
   697 | D:2      | Reached XP level 4. HP: 39/39 MP: 4/4
   826 | D:2      | Noticed Natasha
   833 | D:2      | Killed Natasha
   834 | D:2      | Reached skill level 6 in Axes
   947 | D:2      | Noticed Natasha
   956 | D:2      | Killed Natasha
   957 | D:2      | Reached XP level 5. HP: 40/45 MP: 5/5
  1083 | D:1      | Bought a scroll of identify for 50 gold pieces
  1137 | D:2      | Noticed Natasha
  1150 | D:2      | Killed Natasha
  1151 | D:2      | Reached skill level 7 in Axes
  1337 | D:2      | Identified the +1 robe of the Onion {Harm rPois Stlth+}
  1752 | D:3      | Reached skill level 8 in Axes
  1752 | D:3      | Reached XP level 6. HP: 47/51 MP: 6/6
  1837 | D:1      | Bought a jewelled bone wand for 100 gold pieces
  2180 | D:3      | Reached skill level 9 in Axes
  3032 | D:3      | Noticed Grinder
  3040 | D:3      | Paralysed by Grinder for 2 turns
  3048 | D:3      | Paralysed by Grinder for 2 turns
  3056 | D:3      | Killed Grinder
  3057 | D:3      | Reached skill level 10 in Axes
  3057 | D:3      | Reached XP level 7. HP: 43/57 MP: 7/7
  3336 | D:4      | Reached skill level 11 in Axes
  3864 | D:4      | Reached XP level 8. HP: 64/64 MP: 8/8
  4036 | D:1      | Bought a notched opal ring for 125 gold pieces
  4037 | D:1      | Bought a scroll labelled ASARPHEHUSA for 25 gold pieces
  4126 | D:5      | Entered Level 5 of the Dungeon
  4134 | D:5      | Reached skill level 12 in Axes
  4142 | D:5      | You fall into a shaft and drop 1 floor!
  4228 | D:6      | Noticed Blork the orc
  4241 | D:6      | Killed Blork the orc
  4331 | D:6      | Found the +5 robe of Misfortune {Harm *Corrode *Slow EV+5}
  4402 | D:6      | Found a glowing drain.
  4406 | Sewer    | Entered a sewer
  4721 | D:6      | Found a blossoming altar of Fedhas.
  4799 | D:6      | Noticed a hornet
  4844 | D:5      | Reached skill level 13 in Axes
  4886 | D:5      | Reached skill level 14 in Axes
  5328 | D:5      | Reached XP level 9. HP: 70/70 MP: 9/9
  5351 | D:5      | Found a sparkling altar of Nemelex Xobeh.
  5505 | D:5      | Found a hide-covered altar of Uskayaw.
  5520 | D:5      | Found a shimmering altar of Xom.
  5530 | D:5      | Found a glowing golden altar of the Shining One.
  5589 | D:5      | Found an iron altar of Okawaru.
  5634 | D:5      | Found a radiant altar of Vehumet.
  5880 | D:5      | Became a worshipper of Warmaster Okawaru
  5925 | D:6      | Killed a hornet
  5926 | D:6      | Reached skill level 15 in Axes
  6238 | D:6      | Reached * piety under Okawaru
  6262 | D:6      | Found a stormy altar of Qazlal.
  6341 | D:6      | Noticed a boulder beetle
  6361 | D:6      | Reached skill level 1 in Invocations
  6428 | D:6      | Reached skill level 1 in Dodging
  6492 | D:6      | Noticed a kobold demonologist
  6500 | D:6      | Killed a kobold demonologist
  6501 | D:6      | Reached skill level 16 in Axes
  6533 | D:6      | Reached ** piety under Okawaru
  6534 | D:6      | Reached XP level 10. HP: 71/80 MP: 12/12
  6600 | D:6      | Reached skill level 5 in Fighting
  6632 | D:6      | Killed a boulder beetle
  7089 | D:7      | Found a staircase to the Ecumenical Temple.
  7135 | D:7      | Reached skill level 5 in Armour
  7145 | D:7      | Reached skill level 5 in Shields
  7354 | D:7      | Reached skill level 5 in Invocations
  7561 | D:7      | Reached *** piety under Okawaru
  8009 | D:8      | Found a snail-covered altar of Cheibriados.
  8381 | D:8      | Found a broken altar of Ashenzari.
  8385 | D:8      | Saw a vision of the Swamp and the Snake Pit.
  8385 | D:8      | Noticed a salamander
  8385 | D:8      | Noticed a black mamba
  8385 | D:8      | Noticed a naga sharpshooter
  8385 | D:8      | Noticed a naga mage
  8385 | D:8      | Noticed a naga mage
  8387 | D:8      | Noticed a spriggan druid
  8387 | D:8      | Noticed a naga sharpshooter
  8391 | D:8      | Noticed a black mamba
  8421 | D:8      | Found the +12 pair of quick blades "Gyre" and "Gimble"
                  | {protect}
  8486 | D:8      | Found a shimmering blue altar of Sif Muna.
  8685 | D:8      | Reached **** piety under Okawaru
  8794 | D:8      | Reached skill level 1 in Throwing
  9355 | D:9      | Noticed a two-headed ogre
  9363 | D:9      | Killed a two-headed ogre
  9363 | D:9      | Received a gift from Okawaru
  9364 | D:9      | Reached XP level 11. HP: 75/91 MP: 12/15
  9409 | D:9      | Identified the +7 arbalest "Kizur" {freeze, rPois rN+}
  9747 | D:9      | Noticed a two-headed ogre
  9752 | D:9      | Killed a two-headed ogre
 10272 | D:10     | Entered Level 10 of the Dungeon
 10517 | D:10     | Found a staircase to the Orcish Mines.
 10557 | D:10     | Reached ***** piety under Okawaru
 11118 | D:10     | Found a staircase to the Lair.
 11582 | Lair:1   | Entered Level 1 of the Lair of Beasts
 11674 | Lair:1   | Received a gift from Okawaru
 11807 | Lair:1   | Reached skill level 17 in Axes
 11807 | Lair:1   | Reached XP level 12. HP: 82/102 MP: 9/18
 11812 | Lair:1   | Reached skill level 5 in Dodging
 12411 | Lair:2   | Noticed Erica
 12425 | Lair:2   | Killed Erica
 12503 | Lair:2   | Received a gift from Okawaru
 12563 | Lair:2   | Identified the +0 pair of boots of Okawaru's Delight {Harm
                  | rC+ rN+} (Okawaru gifted it to you on level 2 of the Lair
                  | of Beasts)
 12563 | Lair:2   | Received a gift from Okawaru
 12743 | Lair:2   | Noticed a catoblepas
 12755 | Lair:2   | Killed a catoblepas
 13206 | Lair:2   | Reached skill level 5 in Throwing
 13328 | Lair:2   | Found a staircase to the Snake Pit.
 13977 | Lair:3   | Found a staircase to the Swamp.
 14001 | Lair:3   | Identified the +0 chain mail "Tehask" {Str+3 Int+3 SInv}
 14134 | Lair:3   | Reached XP level 13. HP: 107/112 MP: 18/20
 14323 | Lair:3   | Reached skill level 10 in Invocations
 14474 | Lair:3   | Noticed an ice dragon
 14485 | Lair:3   | Killed an ice dragon
 14486 | Lair:3   | Reached skill level 10 in Fighting
 14650 | Lair:3   | Reached skill level 18 in Axes
 14970 | Lair:4   | Received a gift from Okawaru
 15299 | Lair:4   | Found a gate leading to a gauntlet.
 15308 | Gauntlet | Entered a Gauntlet
 15308 | Gauntlet | Found a transporter.
 15317 | Gauntlet | Found a transporter.
 15332 | Gauntlet | Found a transporter.
 15336 | Gauntlet | Noticed a great orb of eyes
 15337 | Gauntlet | Found a transporter.
 15352 | Gauntlet | Found a transporter.
 15371 | Gauntlet | Found a transporter.
 15379 | Gauntlet | Found a large runed translucent door.
 15380 | Gauntlet | Found a large runed translucent door.
 15380 | Gauntlet | Noticed a cacodemon
 15381 | Gauntlet | Found a large runed translucent door.
 15381 | Gauntlet | Found a large runed translucent door.
 15382 | Gauntlet | Found a runed translucent gate.
 15383 | Gauntlet | Found a transporter.
 15383 | Gauntlet | Found a runed translucent gate.
 15384 | Gauntlet | Found a runed translucent gate.
 15385 | Gauntlet | Found a large runed translucent door.
 15385 | Gauntlet | Found a large runed translucent door.
 15386 | Gauntlet | Found a large runed translucent door.
 15387 | Gauntlet | Found a large runed translucent door.
 15395 | Gauntlet | Found a transporter.
 15395 | Gauntlet | Noticed a blizzard demon
 15407 | Gauntlet | Found a transporter.
 15413 | Gauntlet | Found a transporter.
 15413 | Gauntlet | Found a transporter.
 15428 | Gauntlet | Found a transporter.
 15445 | Gauntlet | Found a transporter.
 15465 | Gauntlet | Found a transporter.
 15490 | Gauntlet | Found a transporter.
 15490 | Gauntlet | Found the ring of the Octopus King
 15494 | Gauntlet | Found a transporter.
 15588 | Gauntlet | Found a large runed translucent door.
 15588 | Gauntlet | Found a large runed translucent door.
 15588 | Gauntlet | Found a runed translucent door.
 15588 | Gauntlet | Found a runed translucent door.
 15589 | Gauntlet | Found a large runed translucent door.
 15590 | Gauntlet | Found a large runed translucent door.
 15592 | Gauntlet | Found a transporter.
 15608 | Gauntlet | Found a large runed translucent door.
 15608 | Gauntlet | Found a large runed translucent door.
 15609 | Gauntlet | Found a large runed translucent door.
 15610 | Gauntlet | Found a large runed translucent door.
 15768 | Gauntlet | Identified a ring of the Octopus King {rCorr HP+2 AC+2 EV+2
                  | SH+2}
 15781 | Gauntlet | Found a transporter.
 15841 | Gauntlet | Identified the +1 pair of boots "Fitoyhis" {Str+3}
 15976 | Gauntlet | Identified the ring of Free Will {Fly rC+ Will- SInv}
 15976 | Gauntlet | Noticed a minotaur
 15990 | Gauntlet | Killed a minotaur
 15991 | Gauntlet | Reached skill level 10 in Armour
 16289 | Lair:4   | Received a gift from Okawaru
 16290 | Lair:4   | Reached XP level 14. HP: 108/122 MP: 22/22
 16617 | Lair:5   | Entered Level 5 of the Lair of Beasts
 16811 | Lair:5   | Reached skill level 1 in Evocations
 16954 | Lair:5   | Reached ****** piety under Okawaru
 17000 | Lair:5   | Received a gift from Okawaru
 17307 | Lair:5   | Identified the +8 broad axe of Nemuut {venom, rF+ Str-3
                  | Int+5} (Okawaru gifted it to you on level 5 of the Lair of
                  | Beasts)
 17307 | Lair:5   | Received a gift from Okawaru
 17500 | Lair:5   | Reached skill level 19 in Axes
 17543 | Lair:5   | Noticed a dire elephant
 17552 | Lair:5   | Killed a dire elephant
 17570 | Lair:5   | Identified the staff of death "Vamisuut" {rN+ Dex+3}
 17984 | Lair:5   | Found a viscous altar of Jiyva.
 17988 | Lair:5   | Found a staircase to the Slime Pits.
 18682 | Orc:1    | Entered Level 1 of the Orcish Mines
 18702 | Orc:1    | Found a frozen archway.
 18723 | IceCv    | Entered an ice cave
 18944 | IceCv    | Received a gift from Okawaru
 19495 | IceCv    | Received a gift from Okawaru
 19565 | IceCv    | Identified the ring "Reedgh" {EV+5 Str+3 Int+3 Dex+3}
 19802 | Orc:1    | Reached XP level 15. HP: 132/132 MP: 23/23
 19914 | Orc:1    | Noticed an orc warlord
 19935 | Orc:1    | Killed an orc warlord
 19962 | Orc:1    | Noticed Gastronok
 19977 | Orc:1    | Killed Gastronok
 20027 | Orc:1    | Found a roughly hewn altar of Beogh.
 20442 | Orc:2    | Entered Level 2 of the Orcish Mines
 20443 | Orc:2    | Found Genkelud's Weapon Emporium.
 20474 | Orc:2    | Paralysed by something for 2 turns
 20487 | Orc:2    | Found Entifra's Jewellery Boutique.
 20489 | Orc:2    | Found Jacsulad's Distillery.
 20492 | Orc:2    | Received a gift from Okawaru
 20493 | Orc:2    | Reached skill level 5 in Evocations
 20497 | Orc:2    | Identified the +0 robe of the Ditch-Digger {Fly Dex+2}
                  | (Okawaru gifted it to you on level 2 of the Orcish Mines)
 20497 | Orc:2    | Received a gift from Okawaru
 20536 | Orc:2    | Bought a potion of might for 56 gold pieces
 20536 | Orc:2    | Bought a potion of heal wounds for 70 gold pieces
 20536 | Orc:2    | Bought a potion of heal wounds for 70 gold pieces
 20538 | Orc:2    | Found Igoam's Antique Weapon Emporium.
 20569 | Orc:2    | Found a staircase to the Elven Halls.
 20864 | Orc:2    | Found Anokkoas's Firing Range.
 20868 | Orc:2    | Bought a manual of Throwing for 1280 gold pieces
 21944 | D:12     | Noticed Frances
 21963 | D:12     | Killed Frances
 22685 | D:13     | Noticed Urug
 22709 | D:13     | Killed Urug
 23103 | D:13     | Reached skill level 20 in Axes
 23547 | D:13     | Identified the +10 hand axe "Hierrumu" {protect, Fly rCorr
                  | Dex-5 Stlth-} (Okawaru gifted it to you on level 13 of the
                  | Dungeon)
 23547 | D:13     | Received a gift from Okawaru
 23555 | D:13     | Reached XP level 16. HP: 144/144 MP: 24/24
 23617 | D:13     | Noticed Erolcha
 23621 | D:13     | Noticed Sonja
 23643 | D:13     | Killed Sonja
 23648 | D:13     | Killed Erolcha
 24256 | D:14     | Found a gate to the Vaults.
 24474 | D:14     | Found Keqaev's General Store.
 24478 | D:14     | Bought the +2 pair of gloves "Zujazas" {rN+ Will+ Stlth+}
                  | for 545 gold pieces
 24478 | D:14     | Bought a scroll of enchant armour for 120 gold pieces
 24678 | D:15     | Entered Level 15 of the Dungeon
 24685 | D:15     | Found a stormy altar of Qazlal.
 24716 | D:15     | Reached skill level 10 in Throwing
 24846 | D:15     | Found a glowing silver altar of Zin.
 25271 | D:15     | Received a gift from Okawaru
 25404 | D:15     | Found a staircase to the Depths.
 26256 | Swamp:1  | Entered Level 1 of the Swamp
 27123 | Swamp:1  | Received a gift from Okawaru
 27487 | Swamp:1  | Received a gift from Okawaru
 27528 | Swamp:2  | Noticed Mlioglotl
 27688 | Swamp:2  | Noticed a fenstrider witch
 27695 | Swamp:2  | Mangled by a bunyip

Illustrated notes

Levels and vault maps discovered:
D:1:      dpeg_arrival_tiny_a, layout_rooms, serial_shops,
          nicolae_shop_overgrown_old_shop
D:2:      layout_basic, minmay_joined_circles, uniq_jessica, uniq_natasha
D:3:      layout_loops_corners, hex_medium, chequers_serial_rivers_large_a,
          kennysheep_small_spiral, uniq_grinder
D:4:      layout_basic
D:5:      layout_loops_ring, nicolae_overflow_quartered_altars,
          nemelex_dance_club_becter, mainiacjoe_overflow_chevrons,
          minmay_misc_feat_room, minmay_stone_trees_small
D:6:      wad_guarded_room, layout_basic, amcnicky_altar_gilded,
          mainiacjoe_overflow_alcove_2, gup_sewer_entry_bowl,
          kennysheep_cross_bottleneck, uniq_blork_the_orc
D:7:      minmay_inner_zag, layout_loops_ring, minmay_temple_entry_glassed_door
D:8:      minmay_goldmine, layout_loops_ring, grunt_ashenzari_visionary
          [grunt_ashenzari_visionary_swamp, grunt_ashenzari_visionary_snake],
          tgw_sif, kennysheep_slug_shrine
D:9:      layout_roguey, billiards_dpeg
D:10:     layout_stronghold, erik_lair_dragon, orc_0_dummy
D:11:     layout_irregular_city, st_stairs_7, kennysheep_generic_room_4
D:12:     layout_stronghold, uniq_frances
D:13:     layout_basic, lightli_corner_chamber, uniq_sonja, uniq_erolcha,
          uniq_urug
D:14:     layout_basic, erik_vaults_1, serial_shops, shop,
          hangedman_abyss_or_decor_stagger, kennysheep_generic_room_8
D:15:     grunt_enter_depths_magical_seal, layout_loops_ring,
          grunt_qazlal_clouds, minmay_tree_intersection, zin_scriptorium
Lair:1:   layout_misc_corridors, infiniplex_staircase_pool, grunt_megastairs_2,
          serial_bayou_shore_b
Lair:2:   nzn_winding_woodlands_stair_cross [nzn_winding_woodlands_5x15_garden,
          nzn_winding_woodlands_center_triple_pond,
          nzn_winding_woodlands_5x15_longhouse,
          nzn_winding_woodlands_5x5_closed_star,
          nzn_winding_woodlands_5x5_open_star, nzn_winding_woodlands_5x15_twine,
          nzn_winding_woodlands_center_garden, nzn_winding_woodlands_5x15_pool],
          layout_cave_pods, dummy_snake_entry, lemuel_fruit_fields, uniq_erica
Lair:3:   dreamdust_isle_of_ice, layout_hall_layers, swamp_mist,
          serial_bayou_shore_b
Lair:4:   beargit_carnivore_pack, layout_gridlike, gauntlet_entry_generic,
          minivault_25, chequers_serial_rivers_micro_b, grunt_megastairs_5
Lair:5:   grunt_lair_end_beastmaster, layout_loops_ring, dpeg_slime_entry_corner
Swamp:1:  layout_basic_swamp, nicolae_swamp_long_stream
Swamp:2:  layout_basic_swamp, evilmike_swamp_ruin_rubble_1, uniq_mlioglotl
Orc:1:    layout_caves, portal_ice_cave_entry_ice_simulacra, mines2_david,
          uniq_gastronok
Orc:2:    st_orc_open, layout_caves, nicolae_shop_firing_range

Skill      XL: |  1  2  3  4  5  6  7  8  9 10 11 12 13 14 15 16 |
---------------+-------------------------------------------------+-----
Axes           | 3 4 5 6 8 10 11 14 16 17 18 19 20 | 20.0
Invocations    | 3 6 8 9 11 | 11.5
Fighting       | 4 6 8 9 10 12 13 14 | 14.2
Dodging        | 1 3 4 6 7 8 9 |  9.8
Armour         | 4 6 7 8 10 11 12 13 | 13.7
Shields        | 4 5 |  5.0
Throwing       | 1 3 5 6 7 9 11 | 11.1
Evocations     | 4 6 7 |  7.7

Action                     |  1- 3 |  4- 6 |  7- 9 | 10-12 | 13-15 | 16-18 || total
---------------------------+-------+-------+-------+-------+-------+-------++-------
  Melee: War axe           |    60 |   214 |   326 |    88 |       |       ||   688
         Battleaxe         |       |       |       |   445 |   310 |     8 ||   763
         Morningstar       |       |       |       |       |    13 |       ||    13
         Broad axe         |       |       |       |       |   600 |   221 ||   821
         Punch             |       |       |       |       |     1 |       ||     1
         Executioner's axe |       |       |       |       |       |   167 ||   167
         Scimitar          |       |       |       |       |       |     4 ||     4
   Fire: Arbalest          |       |       |       |     2 |       |       ||     2
  Throw: Boomerang         |    10 |       |     9 |    24 |    16 |    37 ||    96
         Dart              |     2 |     3 |     8 |    15 |       |       ||    28
 Invoke: Heroism           |       |       |       |     6 |    15 |     3 ||    24
         Finesse           |       |       |       |     1 |     4 |     1 ||     6
  Evoke: Wand              |       |     3 |     2 |     5 |     1 |       ||    11
         Lightning rod     |       |       |       |       |     7 |       ||     7
    Use: Scroll            |       |     6 |     9 |    17 |     7 |     2 ||    41
         Potion            |       |     2 |     1 |       |     4 |     2 ||     9
   Stab: Invisible         |       |     1 |     3 |     3 |    22 |       ||    29
         Confused          |       |       |       |     2 |       |       ||     2
         Petrified         |       |       |       |     2 |       |       ||     2
 Armour: Scale mail        |     8 |       |       |       |       |       ||     8
         Plate armour      |    41 |   129 |   163 |   312 |   338 |       ||   983
         Crystal plate arm |       |       |       |       |   138 |   275 ||   413
  Dodge: Dodged            |    21 |    48 |    51 |   195 |   460 |   300 ||  1075
  Block: Buckler           |    13 |    67 |   165 |    37 |   163 |    43 ||   488
         Reflection        |       |     3 |     2 |     1 |       |       ||     6
         Other             |       |       |       |    27 |    24 |     4 ||    55
